 Dungeon Crawl Stone Soup version 0.31-a0-441-g867994ef1c (webtiles) character file.

Game seed: 3762164896007617684

4112 Dirtsage the Mimic (level 10, -2/81 HPs)
             Began as an Octopode Shapeshifter on Aug 2, 2023.
             Was a Follower of the Shining One.
             Slain by a wyvern (12 damage)
             ... on level 8 of the Dungeon.
             The game lasted 00:18:52 (7212 turns).

Dirtsage the Mimic (Octopode Shapeshifter)          Turns: 7212, Time: 00:18:53

Health: -2/81      AC:  9    Str: 23    XL:     10   Next: 26%
Magic:  11/12      EV: 10    Int: 18    God:    the Shining One [*.....]
Gold:   158        SH: 11    Dex: 21    Spells: 9/9 levels left

rFire   + .          .
                       - Unarmed
rCold   . . .        (shield currently unavailable)
rNeg    . . .        (helmet currently unavailable)
rPois   .            c - amulet of reflection
rElec   .            g - +6 ring of intelligence
rCorr   .            I - ring of protection from cold
SInv    .            w - +6 ring of dexterity
Will    +....        y - ring "Ulyesett" {Will+ Dex+3}
Stlth   +            E - ring of fire
HPRegen 0.33/turn    (no ring)
MPRegen 0.13/turn    (no ring)
                     (no ring)

%: reflection
@: divinely shielded, snake-form, glowing
A: constrict, boosted hp, almost no armour, amphibious, 8 rings, large,
(camouflage 1), (gelatinous body 1), (nimble swimmer 1), (tentacles)
a: Begin Untransformation, Renounce Religion, Divine Shield


You were on level 8 of the Dungeon.
You worshipped the Shining One.
The Shining One was aware of your devotion.
You were an enormous anaconda.
You visited 2 branches of the dungeon, and saw 9 of its levels.
You also visited: Ossuary.

You collected 288 gold pieces.
You spent 130 gold pieces at shops.

Inventory:

Missiles
 F - a curare-tipped dart
Magical Staves
 m - a staff of death
Jewellery
 c - an amulet of reflection (around neck)
 g - a +6 ring of intelligence (left tentacle)
 l - an amulet of faith
 w - a +6 ring of dexterity (on tentacle)
 y - the ring "Ulyesett" (on tentacle) {Will+ Dex+3}
   (You found it on level 4 of the Dungeon)

   [ring of willpower]

   Dex:       It affects your dexterity (+3).
   Will:      It increases your willpower.
 E - a ring of fire (on tentacle)
 I - a ring of protection from cold (right tentacle)
Talismans
 b - a beast talisman
 n - a serpent talisman (active)
Wands
 o - a wand of paralysis (2)
 B - a wand of flame (20)
 D - a wand of polymorph (6)
Scrolls
 i - a scroll of revelation {unknown}
 j - a scroll of silence
 k - a scroll of noise
 s - a scroll of poison
 t - 3 scrolls of teleportation
 u - 2 scrolls of immolation
 x - 3 scrolls of butterflies
 C - 4 scrolls of amnesia
 G - a scroll of vulnerability {unknown}
Potions
 a - 2 potions of mutation {unknown}
 d - 3 potions of might
 e - 2 potions of berserk rage {unknown}
 f - 7 potions of enlightenment
 h - a potion of degeneration {unknown}
 p - 2 potions of cancellation {unknown}
 r - 3 potions of brilliance {unknown}
 v - a potion of heal wounds {unknown}
 z - 2 potions of haste {unknown}
 A - 2 potions of resistance {unknown}
 H - a potion of attraction {unknown}
 J - a potion of lignification


   Skills:
 + Level 6.2 Fighting
 - Level 2.0 Dodging
 + Level 7.3 Unarmed Combat
 * Level 2.7 Invocations
 + Level 9.8 Shapeshifting


You had 9 spell levels left.
You didn't know any spells.
Your spell library contained the following spells:

 Spells                   Type           Power      Damage    Failure   Level
 Volatile Blastmotes      Fire/Tloc      0%         2d10      54%         3
 Fulminant Prism          Conj/Hex       0%         3d5       91%         4
 Iskenderun's Mystic Bla  Conj/Tloc      0%         2d3       91%         4
 Simulacrum               Ice/Necr       0%         N/A       100%        6
 Ozocubu's Refrigeration  Ice            0%         4d7       100%        7
 Polar Vortex             Ice            0%         N/A       100%        9


Dungeon Overview and Level Annotations

Branches:
Dungeon (8/15)             Temple (1/1) D:7         Ossuary (visited)
   Lair: D:8-11

Altars:
Ashenzari
Cheibriados
Dithmenos
Elyvilon
Fedhas
Gozag
Hepliaklqana
Kikubaaqudgha
Makhleb
Nemelex Xobeh
Okawaru
Qazlal
Ru
Sif Muna
Trog
Uskayaw
Vehumet
Xom
Yredelemnul
Zin
The Shining One

Shops:
D:5 *

Annotations:
D:2 1 runed translucent door, Crazy Yiuf


Innate Abilities, Weirdness & Mutations

You are an enormous anaconda.
You have a powerful constriction melee attack.
Your maximum health is increased.
Your armour is entirely melded.
You are incapable of wielding weapons or throwing items.
You cannot wear most types of armour.
You are amphibious.
You can wear up to eight rings at the same time.
((Your skin changes colour to match your surroundings (Stealth+).))
((Your rubbery body absorbs attacks. (AC +1, EV +1)))
((You are camouflaged when in or above water. (Stealth+)))
((You have tentacles for arms and can constrict up to eight enemies at once.))


Message History

You kill the wyvern!
You hear an angry hiss.
A water moccasin comes into view.
You block the scorpion's attack.
You lash the scorpion! You grab the scorpion.
The scorpion is severely wounded.
You constrict the scorpion.
A yak comes into view.
The scorpion stings you.
You take 2 damage, and have 30/81 hp.
The yak bellows!
You hit the scorpion.
You kill the scorpion!
You hear an angry hiss.
A wyvern comes into view.
The yak gores the plant!
The plant begins to die.
Something gores the plant.
You see here a steam dragon corpse.
You block the water moccasin's attack. The wyvern bites you!
* * * LOW HITPOINT WARNING * * *
You block the water moccasin's attack.
You take 14 damage, and have 19/81 hp.
The water moccasin attacks as you move away!
The water moccasin bites you but does no damage.
The wyvern attacks as you move away! You block the wyvern's attack.
The wyvern bites you!
* * * LOW HITPOINT WARNING * * *
You take 15 damage, and have 5/81 hp.
You feel better. You block the water moccasin's attack.
The wyvern barely misses you. The water moccasin bites you.
* * * LOW HITPOINT WARNING * * *
You are lethally poisoned!
The water moccasin poisons you!
You regained 4 hp, and now have 9/81 hp.
Okay, then.
You feel better. You block the wyvern's attack.
You block the water moccasin's attack. The wyvern bites you.
* * * LOW HITPOINT WARNING * * *
You closely miss the water moccasin. Your grab misses the water moccasin.
You block the water moccasin's attack. The wyvern bites you!
You die...

#.†.....................##
#.....(..................# ##
###........................####.
.........####...##..........#....
.....###.†......##........#.#....
..... #......#........####.#....
..=.. #$.....#........#<...####.
##.. #......#..............###.
#.. #.......lS.....÷).......#.
####....S.................
#......................
#..............#.#####.
#..............#.##...:
##########.....#.###.## #....##.#
#.# #######.# #.# #.# #.#


You could see a water moccasin and a wyvern.

Vanquished Creatures
  Prince Ribbit (D:6)
  Grinder (D:4)
  A wyvern (D:8)
  3 steam dragons
  Menkaure (D:7)
  An acid dragon (D:8)
  3 water moccasins
  A black bear (D:5)
  A sky beast (D:6)
  3 ogres
  A centaur (D:6)
  A kobold brigand (D:7)
  10 scorpions
  3 bullfrogs
  5 wights (D:7)
  7 howler monkeys (D:7)
  3 centaur zombies (Ossuary)
  A human zombie (Ossuary)
  4 hounds
  2 gnoll boudas
  2 orc priests (D:8)
  A jelly (D:6)
  4 scorpion zombies (Ossuary)
  3 mummies (Ossuary)
  11 gnolls
  3 adders
  3 ufetubi
  4 worms
  2 dart slugs
  12 orcs
  6 ball pythons
  10 endoplasms
  A giant cockroach (D:3)
  5 goblins
  3 hobgoblins
  6 jackals
  9 kobolds
  7 quokkas
  3 bats
  3 frilled lizards
  6 gnoll zombies (Ossuary)
  A goblin zombie (Ossuary)
  3 kobold zombies (Ossuary)
  2 orc zombies (Ossuary)
  3 rats
166 creatures vanquished.

Notes
Turn   | Place    | Note
-------+----------+-------------------------------------------
     0 | D:1      | Dirtsage the Octopode Shapeshifter began the quest for the
                  | Orb.
     0 | D:1      | Reached XP level 1. HP: 13/13 MP: 1/1
   390 | D:1      | Reached XP level 2. HP: 18/18 MP: 2/2
  1020 | D:2      | Reached XP level 3. HP: 23/23 MP: 3/3
  1140 | D:2      | Found a runed translucent door.
  1141 | D:2      | Noticed Crazy Yiuf
  1765 | D:3      | Reached XP level 4. HP: 26/28 MP: 4/4
  1868 | D:3      | Reached skill level 4 in Shapeshifting
  2107 | D:3      | You fall into a shaft and drop 2 floors!
  2107 | D:5      | Entered Level 5 of the Dungeon
  2182 | D:5      | Noticed a black bear
  2192 | D:5      | Killed a black bear
  2193 | D:5      | Reached XP level 5. HP: 33/33 MP: 5/5
  2215 | D:5      | Found a sand-covered staircase.
  2224 | Ossuary  | Entered an ossuary
  2244 | Ossuary  | Reached skill level 5 in Shapeshifting
  2283 | Ossuary  | Reached XP level 6. HP: 27/38 MP: 6/6
  2387 | Ossuary  | Reached skill level 6 in Shapeshifting
  2404 | Ossuary  | Reached XP level 7. HP: 37/43 MP: 7/7
  2460 | Ossuary  | Reached skill level 7 in Shapeshifting
  2685 | Ossuary  | Reached XP level 8. HP: 45/48 MP: 8/8
  3129 | D:3      | Found a faded altar of an unknown god.
  3641 | D:4      | Found a snail-covered altar of Cheibriados.
  3641 | D:4      | Found a shimmering blue altar of Sif Muna.
  3649 | D:4      | Found a bloodstained altar of Trog.
  3651 | D:4      | Found a sacrificial altar of Ru.
  3652 | D:4      | Found an opulent altar of Gozag.
  3719 | D:4      | Noticed Grinder
  3725 | D:4      | Killed Grinder
  3726 | D:4      | Reached skill level 8 in Shapeshifting
  3794 | D:4      | Identified the ring "Ulyesett" {Will+ Dex+3}
  4196 | D:5      | Found Murchic's Assorted Antiques.
  4205 | D:5      | Bought a runed onyx ring for 130 gold pieces
  4605 | D:6      | Found a blossoming altar of Fedhas.
  4650 | D:6      | Noticed Prince Ribbit
  4662 | D:6      | Killed Prince Ribbit
  4663 | D:6      | Reached skill level 5 in Unarmed Combat
  4663 | D:6      | Reached XP level 9. HP: 57/57 MP: 9/9
  4840 | D:6      | Reached skill level 9 in Shapeshifting
  5134 | D:6      | HP: 2/69 [steam dragon (7)]
  5609 | D:7      | Found a staircase to the Ecumenical Temple.
  5634 | Temple   | Entered the Ecumenical Temple
  5654 | Temple   | Became a worshipper of the Shining One
  5676 | D:7      | Found a shimmering altar of Xom.
  5677 | D:7      | Found a shimmering altar of Xom.
  5677 | D:7      | Found a shimmering altar of Xom.
  5678 | D:7      | Found a shimmering altar of Xom.
  5679 | D:7      | Found a shimmering altar of Xom.
  5679 | D:7      | Found a shimmering altar of Xom.
  5679 | D:7      | Found a shimmering altar of Xom.
  5679 | D:7      | Found a shimmering altar of Xom.
  5680 | D:7      | Found a shimmering altar of Xom.
  5681 | D:7      | Found a shimmering altar of Xom.
  5751 | D:7      | Reached skill level 5 in Fighting
  5866 | D:7      | Noticed Menkaure
  5869 | D:7      | Killed Menkaure
  6122 | D:7      | Reached XP level 10. HP: 68/68 MP: 10/10
  6180 | D:7      | Found an ancient bone altar of Kikubaaqudgha.
  6181 | D:7      | Found a stormy altar of Qazlal.
  6437 | D:8      | Reached * piety under the Shining One
  7172 | D:8      | Reached skill level 1 in Invocations
  7212 | D:8      | Slain by a wyvern

Illustrated notes

Levels and vault maps discovered:
D:1:      dpeg_arrival_arbitrary_b, layout_loops_corners
D:2:      layout_loops_ring, uniq_crazy_yiuf_cottage
D:3:      layout_basic, ebering_ecumenical_altar_hall, eino_tiny_chamber
D:4:      layout_basic, chequers_temple_overflow_minitemple,
          minmay_misc_feat_doors, uniq_grinder
D:5:      layout_cave_pools, serial_shops, shop, enter_ossuary_1
D:6:      kennysheep_steamy, layout_cave_pools, fedhas_altar_3,
          uniq_prince_ribbit1
D:7:      layout_basic, mainiacjoe_overflow_divided_tiny, xom_shifter_show,
          minmay_temple_entry_crystal_x, serial_rivers,
          chequers_serial_rivers_large_a, chequers_serial_rivers_room_a,
          chequers_serial_rivers_room_a, chequers_serial_rivers_large_b,
          chequers_serial_rivers_small_b, uniq_menkaure
D:8:      layout_basic, minmay_lair_entry_grove, kennysheep_flooded_box
Temple:   minmay_temple_bridge_abc

Skill      XL: |  1  2  3  4  5  6  7  8  9 10 |
---------------+-------------------------------+-----
Shapeshifting  | 4 5 6 7 8 9 |  9.8
Unarmed Combat | 5 6 7 |  7.3
Fighting       | 3 5 6 |  6.2
Invocations    | 2 |  2.7
Dodging        | |  2.0

Action                     |  1- 3 |  4- 6 |  7- 9 | 10-12 || total
---------------------------+-------+-------+-------+-------++-------
  Melee: Unarmed           |    62 |    60 |   238 |    41 ||   401
         Constrict         |    19 |    14 |    63 |    12 ||   108
         Tentacles         |    12 |     6 |       |       ||    18
         Punch             |     3 |     2 |       |       ||     5
 Invoke: Divine Shield     |       |       |       |     1 ||     1
  Evoke: Wand              |       |       |     2 |       ||     2
    Use: Potion            |       |     1 |     2 |     2 ||     5
         Scroll            |       |       |    11 |     2 ||    13
   Stab: Sleeping          |     9 |     1 |     3 |       ||    13
         Paralysed         |       |       |     4 |       ||     4
 Armour: Skin              |     1 |    19 |    70 |     4 ||    94
  Dodge: Dodged            |    20 |     9 |   104 |    26 ||   159
  Block: Other             |     9 |    11 |    50 |    20 ||    90
         Reflection        |       |       |     1 |     1 ||     2
   Form: Anaconda          |       |     2 |       |       ||     2
         Beast             |       |     1 |       |       ||     1

Table legend: (Time is in decaauts)
 A = Elapsed time spent in this place.
 B = Non-inter-level travel time spent in this place.
 C = Inter-level travel time spent in this place.
 D = Time resting spent in this place.
 E = Time spent auto-exploring this place.
 F = Levels seen in this place.
 G = Mean time per level.
                   A        B        C        D        E       F      G
               +--------+--------+--------+--------+--------+-----+--------+
         Total |   7176 |   6866 |    310 |    657 |   5021 |  10 |  717.6 |
       Dungeon |   6614 |   6342 |    272 |    653 |   4725 |   8 |  826.8 |
        Temple |     40 |      2 |     38 |      0 |      0 |   1 |   40.0 |
       Ossuary |    521 |    521 |      0 |      4 |    296 |   1 |  521.0 |
               +--------+--------+--------+--------+--------+-----+--------+

Top non-repeatable levels by time:
     D:7: 1218 daAuts
     D:6: 1094 daAuts
     D:4: 1015 daAuts
     D:1: 940 daAuts
     D:2: 804 daAuts
     D:3: 758 daAuts
 Ossuary: 521 daAuts
     D:5: 424 daAuts
     D:8: 358 daAuts
  Temple: 40 daAuts
